 Dungeon Crawl Stone Soup version 0.20.1-1-g8b1a95d (webtiles) character file.

539 HammerPanzer the Cudgeler (level 7, -10/52 HPs)
             Began as a Demonspawn Berserker on Oct 26, 2017.
             Was a Priest of Trog.
             Killed from afar by a steam dragon (23 damage)
             ... with a ball of steam
             ... on level 4 of the Dungeon.
             The game lasted 00:12:48 (3848 turns).

HammerPanzer the Cudgeler (Demonspawn Berserker)    Turns: 3848, Time: 00:12:48

Health: -10/52     AC:  8    Str: 18    XL:     7   Next: 5%
Magic:  7/7        EV: 10    Int: 10    God:    Trog [***...]
Gold:   252        SH:  0    Dex: 12    Spells: 6/6 levels left

rFire    . . .     SeeInvis .   a - +0 mace
rCold    . . .     Gourm    .   (no shield)
rNeg     . . .     Faith    .   p - +0 scale mail
rPois    .         Spirit   .   (no helmet)
rElec    .         Reflect  .   i - +0 cloak (curse)
rCorr    .         Harm     .   (no gloves)
MR       .....                  l - +0 pair of boots (curse)
Stlth    ..........             m - amulet of regeneration
Regen    0.6/turn               (no ring)
MPRegen  0.1/turn               (no ring)

@: no status effects
A: talons 2, demonic guardian 1, spiny 1
a: Berserk, Trog's Hand, Burn Spellbooks, Renounce Religion


You were on level 4 of the Dungeon.
You worshipped Trog.
Trog was most pleased with you.
You were not hungry.

You visited 1 branch of the dungeon, and saw 4 of its levels.

You collected 252 gold pieces.

Inventory:

Hand Weapons
 a - a +0 mace (weapon)
Missiles
 B - 4 tomahawks (quivered)
Armour
 i - a cursed +0 cloak (worn)
 l - a cursed +0 pair of boots (worn)
 p - a +0 scale mail (worn)
Jewellery
 m - an amulet of regeneration (around neck)
 r - an uncursed amulet of rage {unknown}
 D - a +2 ring of protection {unknown}
Wands
 t - a wand of enslavement (15/24)
Scrolls
 b - a scroll of immolation {unknown}
 d - 2 scrolls of fear {unknown}
 h - 3 scrolls of fog {unknown}
 j - a scroll of noise {unknown}
 k - 4 scrolls of teleportation {unknown}
 n - 2 scrolls of remove curse {unknown}
 s - 2 scrolls of identify {unknown}
 y - a scroll of magic mapping {unknown}
Potions
 e - a potion of haste {unknown}
 f - a potion of cancellation {unknown}
 g - a potion of magic {unknown}
 q - 3 potions of flight {unknown}
 v - a potion of berserk rage {unknown}
 w - a potion of resistance {unknown}
 A - a potion of heal wounds {unknown}
 C - a potion of curing {unknown}
Comestibles
 c - 2 bread rations
 o - 2 meat rations
 u - 3 chunks of flesh
 x - a royal jelly
 z - 3 fruits


   Skills:
 - Level 3.0 Fighting
 + Level 7.4 Maces & Flails
 - Level 1.7 Armour
 - Level 1.7 Dodging


You had 6 spell levels left.
You didn't know any spells.

Dungeon Overview and Level Annotations

Branches:
Dungeon (4/15)
 Temple: D:4-7

Altars:
Ashenzari
Dithmenos
Gozag
Hepliaklqana
Kikubaaqudgha
Trog
Zin


Innate Abilities, Weirdness & Mutations

You have razor-sharp toenails.
A weak demonic guardian rushes to your aid.
You are partially covered in sharp spines.


Message History

Trog accepts your kill.
You see here a quokka corpse.
You butcher the quokka corpse.
u - 4 chunks of flesh (gained 1)
You see here a quokka skeleton.
Eating one of 4 chunks of flesh.
You eat one of the 4 chunks of flesh.
This raw flesh tastes terrible.
You see here a leather armour.
A steam dragon comes into view.
The steam dragon breathes steam at you. The ball of steam hits you!
You are engulfed in a cloud of scalding steam.
The steam dragon breathes steam at you. The ball of steam hits you!
The ball of steam misses your quasit.
You closely miss the steam dragon.
You are engulfed in a cloud of scalding steam.
* * * LOW HITPOINT WARNING * * *
The steam dragon breathes steam at you. The ball of steam hits you!
You die...

### ..# #.# #.# #######.#
###.......# #)....###.#
#.###.....###§# #####
#..........D@5###########....
#####.....###§............###
#.....# ######........#
###.### #.######.# #.######
#.# #[# #......# #.######.###
#######.# #...........
#.......# #.....##....
#.......# ##.##.#####.


You could see a steam dragon and a friendly quasit.

Vanquished Creatures
  Sigmund (D:3)
  A howler monkey (D:4)
  A hound (D:4)
  A centaur skeleton (D:4)
  2 worker ants (D:4)
  A hound skeleton (D:4)
  9 adders
  2 oozes
  2 worms
  2 dart slugs (D:1)
  A leopard gecko (D:4)
  7 orcs
  2 giant cockroaches
  8 goblins
  12 hobgoblins
  11 jackals
  A quokka (D:4)
  11 bats
  6 frilled lizards
  6 kobolds
  A quokka skeleton (D:4)
  10 rats
98 creatures vanquished.

Vanquished Creatures (collateral kills)
  A crimson imp (D:3)
  An iguana (D:4)
2 creatures vanquished.

Grand Total: 100 creatures vanquished

Notes
Turn   | Place    | Note
-------+----------+-------------------------------------------
     0 | D:1      | HammerPanzer the Demonspawn Berserker began the quest for the Orb.
     0 | D:1      | Reached XP level 1. HP: 18/18 MP: 1/1
    13 | D:1      | Reached skill level 3 in Maces & Flails
   230 | D:1      | Gained mutation: A weak demonic guardian rushes to your aid. [demonic ancestry]
   230 | D:1      | Reached XP level 2. HP: 22/24 MP: 2/2
   959 | D:1      | Reached XP level 3. HP: 29/29 MP: 3/3
   964 | D:1      | Reached ** piety under Trog
  1378 | D:2      | Reached skill level 4 in Maces & Flails
  1525 | D:2      | Found an ancient bone altar of Kikubaaqudgha.
  2183 | D:2      | Gained mutation: You have sharp toenails. [demonic ancestry]
  2183 | D:2      | Reached XP level 4. HP: 35/35 MP: 4/4
  2462 | D:3      | Reached skill level 5 in Maces & Flails
  2474 | D:3      | Noticed Sigmund
  2476 | D:3      | Reached *** piety under Trog
  2476 | D:3      | Gained mutation: You have razor-sharp toenails. [demonic ancestry]
  2476 | D:3      | Reached XP level 5. HP: 39/41 MP: 5/5
  2484 | D:3      | Killed Sigmund
  2484 | D:3      | Reached skill level 6 in Maces & Flails
  2484 | D:3      | Gained mutation: You are partially covered in sharp spines. [demonic ancestry]
  2484 | D:3      | Reached XP level 6. HP: 47/47 MP: 6/6
  2838 | D:3      | Found a shadowy altar of Dithmenos.
  2843 | D:3      | Found a shattered altar of Ashenzari.
  2869 | D:3      | Found a bloodstained altar of Trog.
  2872 | D:3      | Found a hazy altar of Hepliaklqana.
  3339 | D:4      | Found an opulent altar of Gozag.
  3363 | D:4      | Reached skill level 7 in Maces & Flails
  3626 | D:4      | Noticed an angel
  3627 | D:4      | Found a glowing silver altar of Zin.
  3755 | D:4      | Reached XP level 7. HP: 47/52 MP: 7/7
  3843 | D:4      | Noticed a steam dragon
  3848 | D:4      | Killed from afar by a steam dragon

Skill      XL: |  1  2  3  4  5  6 |
---------------+-------------------+-----
Maces & Flails | 3 4 5 6 7 |  7.4
Fighting       | |  3.0
Armour         | |  1.7
Dodging        | |  1.7

Action                   |  1- 3 |  4- 6 |  7- 9 || total
-------------------------+-------+-------+-------++-------
Melee: Mace              |   157 |   135 |     2 ||   294
Invok: Berserk           |       |     1 |       ||     1
  Eat: Chunk             |     4 |     6 |     1 ||    11
Armor: Animal skin       |     2 |       |       ||     2
       Leather armour    |     6 |       |       ||     6
       Scale mail        |    63 |    65 |       ||   128
Dodge: Dodged            |   110 |    67 |     1 ||   178
